 Dungeon Crawl Stone Soup version 0.20-a0-1078-g4874019 (webtiles) character file.

79 Uristic the Slasher (level 4, -1/33 HPs)
             Began as a Human Skald on Apr 25, 2017.
             Slain by a hobgoblin (4 damage)
             ... on level 2 of the Dungeon on Apr 30, 2017.
             The game lasted 00:14:27 (2394 turns).

Uristic the Slasher (Human Skald)                   Turns: 2394, Time: 00:14:28

Health: -1/33      AC:  4    Str: 13    XL:     4   Next: 64%
Magic:  7/7        EV: 12    Int: 13    God:
Gold:   77         SH:  0    Dex: 12    Spells: 1/7 levels left

rFire    . . .     SeeInvis .   b - +0 shortbow (curse)
rCold    . . .     Gourm    .   (shield currently unavailable)
rNeg     . . .     Faith    .   p - +0 leather armour
rPois    .         Spirit   .   f - +0 helmet
rElec    .         Reflect  .   (no cloak)
rCorr    .         Harm     .   (no gloves)
MR       .....                  (no boots)
Stlth    +.........             (no amulet)
Regen    0.2/turn               (no ring)
MPRegen  0.1/turn               (no ring)

@: no status effects
A: no striking features
a: no special abilities


You were on level 2 of the Dungeon.
You were not hungry.

You visited 1 branch of the dungeon, and saw 2 of its levels.

You collected 77 gold pieces.

Inventory:

Hand Weapons
 a - a +0 falchion
 b - a cursed +0 shortbow (weapon)
 r - a +0 hunting sling
Missiles
 g - 56 stones
 t - 5 arrows (quivered)
Armour
 f - a +0 helmet (worn)
 p - a +0 leather armour (worn)
Jewellery
 q - an uncursed amulet of faith
 s - an uncursed ring of protection from fire {unknown}
Scrolls
 h - a scroll of identify
 k - a scroll of teleportation
Potions
 e - 2 potions of flight
 i - 2 potions of cancellation {unknown}
 n - 2 potions of curing {unknown}
 o - a potion of mutation {unknown}
Books
 c - a book of Battle

   Spells                             Type                      Level
   a - Infusion                       Charms                       1
   b - Shroud of Golubria             Charms/Translocation         2
   c - Song of Slaying                Charms                       2
   d - Spectral Weapon                Hexes/Charms                 3
   e - Regeneration                   Charms/Necromancy            3
Comestibles
 d - 3 bread rations
 l - 2 chunks of flesh
 m - 4 fruits


   Skills:
 - Level 2.0 Fighting
 * Level 3.8 Long Blades
 - Level 1.0 Armour
 - Level 2.0 Dodging
 - Level 2.0 Spellcasting
 + Level 1.3 Hexes
 - Level 3.3 Charms


You had one spell level left.
You knew the following spells:

 Your Spells              Type           Power        Failure   Level  Hunger
a - Infusion              Chrm           ##..         9%          1    ##.....
b - Song of Slaying       Chrm           ##......     12%         2    ###....
c - Spectral Weapon       Hex/Chrm       #.......     36%         3    ####...


Dungeon Overview and Level Annotations

Branches:
Dungeon (2/15)

Altars:


Message History

The worm is severely wounded.
The hobgoblin closely misses you. The worm misses you.
Firing (i - inventory. (,) - cycle):
t - 8 arrows (quivered)
Press: ? - help, Shift-Dir - straight line, f/p - worm
Aim: a worm (severely wounded)
You shoot an arrow. The arrow hits the worm!
You kill the worm!
The hobgoblin closely misses you.
Firing (i - inventory. (,) - cycle):
t - 7 arrows (quivered)
Press: ? - help, Shift-Dir - straight line, f - hobgoblin
Aim: a hobgoblin You shoot an arrow.
The arrow barely misses the hobgoblin.
The hobgoblin misses you. The hobgoblin barely misses you.
Firing (i - inventory. (,) - cycle):
t - 6 arrows (quivered)
Press: ? - help, Shift-Dir - straight line, f/p - hobgoblin
Aim: a hobgoblin You shoot an arrow.
The arrow hits the hobgoblin.
The hobgoblin is severely wounded.
The hobgoblin hits you.
You die...

.. ... .... #
....#########.#
#............#
#............#
#(....g@.....#
#......(.....#
#.!..........#
#...........##
#....(......#
#...........#
#......(....#
###+#########


You could see a hobgoblin.

Vanquished Creatures
  2 adders (D:2)
  A worm (D:2)
  3 dart slugs (D:1)
  2 leopard geckos
  2 giant cockroaches (D:1)
  5 goblins
  5 hobgoblins
  2 jackals (D:2)
  A quokka (D:2)
  4 ball pythons
  6 bats
  A frilled lizard (D:1)
  8 kobolds
  9 rats
51 creatures vanquished.

Notes
Turn   | Place    | Note
-------+----------+-------------------------------------------
     0 | D:1      | Uristic the Human Skald began the quest for the Orb.
     0 | D:1      | Reached XP level 1. HP: 16/16 MP: 3/3
     0 | D:1      | Upgraded the game from 0.20-a0-1050-g57248f3 to 0.20-a0-1056-g7622305
     3 | D:1      | Upgraded the game from 0.20-a0-1056-g7622305 to 0.20-a0-1063-gb8e8b7e
   214 | D:1      | Reached XP level 2. HP: 22/22 MP: 5/5
   333 | D:1      | Learned a level 2 spell: Song of Slaying
   944 | D:1      | Reached XP level 3. HP: 26/27 MP: 2/6
   955 | D:1      | Learned a level 3 spell: Spectral Weapon
  1692 | D:2      | Upgraded the game from 0.20-a0-1063-gb8e8b7e to 0.20-a0-1078-g4874019
  2012 | D:2      | Reached XP level 4. HP: 33/33 MP: 3/7
  2103 | D:2      | Reached skill level 1 in Hexes
  2394 | D:2      | Slain by a hobgoblin

Vault maps used:
D:1:      elethiomel_arrival_infinity_welcomes_careful_drivers,
          patterned_corridor
D:2:      hangedman_decor_growths, kennysheep_generic_room_5

Skill      XL: |  1  2  3  4 |
---------------+-------------+-----
Long Blades    | 3 |  3.8
Hexes          | 1 |  1.3
Fighting       | |  2.0
Armour         | |  1.0
Dodging        | |  2.0
Spellcasting   | |  2.0
Charms         | |  3.3

Action                   |  1- 3 |  4- 6 || total
-------------------------+-------+-------++-------
Melee: Falchion          |    88 |    11 ||    99
 Fire: Shortbow          |       |    16 ||    16
       Hunting sling     |       |     8 ||     8
Throw: Stone             |     7 |       ||     7
 Cast: Infusion          |     9 |     1 ||    10
  Use: Scroll            |     1 |     3 ||     4
 Stab: Sleeping          |     2 |       ||     2
  Eat: Chunk             |     4 |     1 ||     5
Armor: Leather armour    |    19 |    12 ||    31
Dodge: Dodged            |    56 |    23 ||    79
       Rpst.: Falchion   |    14 |     5 ||    19
